 Dungeon Crawl Stone Soup version 0.25.0-9-g26727b657a (console) character file.

Game seed: 13370360575994720607

2347 Kagalorn the Carver (level 9, -12/67 HPs)
             Began as a Yellow Draconian Gladiator on June 18, 2020.
             Was an Initiate of Ashenzari.
             Mangled by an orc warrior
             ... wielding a +0 war axe
              (14 damage)
             ... in a bailey on June 19, 2020.
             The game lasted 00:18:20 (7749 turns).

Kagalorn the Carver (Yellow Draconian Gladiator)    Turns: 7749, Time: 00:18:21

Health: -12/67     AC: 15    Str: 17    XL:     9   Next: 20%
Magic:  9/9        EV: 13    Int: 12    God:    Ashenzari [......]
Gold:   243        SH:  0    Dex: 12    Spells: 8/8 levels left

rFire    . . .     SeeInvis .   a - +0 long sword
rCold    . . .     Gourm    .   (no shield)
rNeg     . . .     Faith    .   (armour unavailable)
rPois    +         Spirit   .   b - +0 hat
rElec    .         Reflect  .   k - +0 cloak
rCorr    +         Harm     .   y - +2 pair of gloves (curse)
MR       .....                  (no boots)
Stlth    +.........             (no amulet)
HPRegen  0.21/turn              j - ring of poison resistance
MPRegen  0.11/turn              g - +4 ring of protection

@: no status effects
A: spit acid, unfitting armour, cold-blooded, acid resistance, AC +7
a: Breathe Acid, Curse Item, Renounce Religion


You were in a bailey.
You worshipped Ashenzari.
Ashenzari was noncommittal.
You were not hungry.

You visited 2 branches of the dungeon, and saw 8 of its levels.
You also visited: Bailey.

You collected 243 gold pieces.

Inventory:

Hand Weapons
 a - a +0 long sword (weapon)
Missiles
 c - 2 throwing nets
 p - 3 javelins (quivered)
Armour
 b - a +0 hat (worn)
 k - a +0 cloak (worn)
 y - a cursed +2 pair of gloves (worn)
Jewellery
 g - a +4 ring of protection (right hand)
 j - a ring of poison resistance (left hand)
 n - an uncursed ring of stealth
 o - an uncursed ring of wizardry
 r - an uncursed ring of see invisible
 s - a +6 ring of dexterity
Wands
 h - a wand of iceblast (10)
Scrolls
 e - a scroll of fear
 f - 2 scrolls of enchant armour
 l - 3 scrolls of blinking
 m - a scroll of enchant weapon
 u - 5 scrolls of teleportation
 v - 2 scrolls of fog
 w - 3 scrolls of amnesia {unknown}
 z - a scroll of magic mapping
Potions
 q - a potion of flight
 t - 4 potions of curing
 x - 2 potions of stabbing
Comestibles
 d - 10 rations


   Skills:
 - Level 2.1 Fighting
 * Level 12.4 Long Blades
 - Level 1.7 Throwing
 - Level 2.6 Dodging


You had 8 spell levels left.
You didn't know any spells.
Your spell library was empty.

Dungeon Overview and Level Annotations

Branches:
Dungeon (7/15)             Temple (1/1) D:6          Bailey (1/1)

Altars:
Ashenzari
Cheibriados
Dithmenos
Elyvilon
Fedhas
Hepliaklqana
Kikubaaqudgha
Makhleb
Nemelex Xobeh
Okawaru
Ru
Sif Muna
Trog
Uskayaw
Vehumet
Wu Jian
Xom
Zin
The Shining One

Annotations:
D:3 2 transporters, Xye's ghost, amateur DEVM
D:7 3 runed translucent doors, puimuR's ghost, novice DsBe


Innate Abilities, Weirdness & Mutations

You can spit globs of acid.
Your golden yellow scales are hard. (AC +7)
You cannot fit into any form of body armour.
You are cold-blooded and may be slowed by cold attacks.
You are resistant to acid. (rCorr)


Message History

You closely miss the orc warrior.
You tail-slap the orc warrior, but do no damage.
The orc warrior is moderately wounded.
The orc warrior hits you with a +0 war axe!!
You hit the orc warrior but do no damage.
The orc warrior is moderately wounded.
The orc warrior hits you with a +0 war axe!
* * * LOW HITPOINT WARNING * * *
You hit the orc warrior but do no damage.
The orc warrior is moderately wounded.
You slash the orc warrior!
The orc warrior is severely wounded.
The orc warrior hits you with a +0 war axe!
* * * LOW HITPOINT WARNING * * *
You hit the orc warrior but do no damage.
You tail-slap the orc warrior, but do no damage.
The orc warrior is severely wounded.
A kobold comes into view.
The orc warrior hits you with a +0 war axe!
You die...

...................
8..8.............8g
.......(...........
.........(..K......
...8...##'''##...8
#.....##.(..)## .
##...##...g...##
≈≈#####.....o(..#####≈≈
≈≈≈≈≈≈≈....∩@.).≈≈≈≈≈≈≈
♣≈≈≈≈≈≈.......).≈≈≈≈≈≈♣
♣♣♣♣♣♣♣♣♣♣.∩.♣♣♣♣♣♣♣♣♣♣
♣♣♣♣♣


You could see an orc warrior, a hobgoblin and a kobold.

Vanquished Creatures
  Maggie (D:6)
  Menkaure (D:6)
  A black bear (D:6)
  An ice beast (D:7)
  3 sky beasts
  A necrophage (D:6)
  An orc warrior (Bailey)
  4 ogres
  2 bullfrogs
  A howler monkey (D:6)
  2 crimson imps
  An orc priest (D:2)
  5 hounds
  2 centaur skeletons (D:5)
  A jelly (D:7)
  An orc wizard (D:4)
  2 bullfrog skeletons
  An iguana (D:5)
  Terence (D:2)
  4 worker ants
  A worker ant zombie (D:7)
  4 gnolls (D:5)
  6 adders
  An ooze (D:4)
  2 worms
  2 dart slugs
  6 leopard geckos
  11 orcs
  7 giant cockroaches
  11 hobgoblins
  5 jackals
  6 quokkas
  12 bats
  4 frilled lizards
  12 goblins
  10 kobolds
  A quokka zombie (D:5)
  4 rats
141 creatures vanquished.

Notes
Turn   | Place    | Note
-------+----------+-------------------------------------------
     0 | D:1      | Kagalorn the Draconian Gladiator began the quest for the
                  | Orb.
     0 | D:1      | Reached XP level 1. HP: 17/17 MP: 1/1
   606 | D:1      | Reached XP level 2. HP: 24/24 MP: 2/2
  1023 | D:2      | Reached skill level 4 in Long Blades
  1027 | D:2      | You fall into a shaft and drop 1 floor!
  1047 | D:3      | Reached XP level 3. HP: 8/29 MP: 3/3
  1281 | D:2      | Found an ancient bone altar of Kikubaaqudgha.
  1496 | D:2      | Reached XP level 4. HP: 34/36 MP: 4/4
  1536 | D:2      | Reached skill level 5 in Long Blades
  1679 | D:2      | Noticed Terence
  1720 | D:2      | HP: 1/36 [orc priest/nerve-wracking pain (13)]
  2081 | D:2      | Killed Terence
  2081 | D:2      | Reached XP level 5. HP: 39/41 MP: 5/5
  2589 | D:3      | Reached skill level 6 in Long Blades
  2806 | D:3      | Found a transporter.
  2808 | D:3      | Noticed Xye's ghost (amateur DEVM)
  2809 | D:3      | Found a transporter.
  2835 | D:3      | Noticed a +0 dagger
  2836 | D:3      | Found a hide-covered altar of Uskayaw.
  2836 | D:3      | Noticed a +0 hand axe
  3222 | D:3      | Found a bloodstained altar of Trog.
  3664 | D:4      | Reached skill level 7 in Long Blades
  3664 | D:4      | Reached XP level 6. HP: 19/48 MP: 6/6
  3848 | D:4      | Found a shadowy altar of Dithmenos.
  4085 | D:4      | Noticed a sky beast
  4106 | D:4      | Killed a sky beast
  4106 | D:4      | Reached skill level 8 in Long Blades
  4106 | D:4      | Your scales start taking on a golden yellow colour.
  4106 | D:4      | Reached XP level 7. HP: 41/55 MP: 7/7
  4106 | D:4      | Gained mutation: You are resistant to acid. (rCorr) [Yellow
                  | Draconian growth]
  4522 | D:4      | Found a shattered altar of Ashenzari.
  4626 | D:5      | Entered Level 5 of the Dungeon
  4698 | D:5      | Reached skill level 9 in Long Blades
  5080 | D:5      | Reached XP level 8. HP: 61/61 MP: 8/8
  5306 | D:6      | Reached skill level 10 in Long Blades
  5352 | D:6      | Found a burning altar of Makhleb.
  5353 | D:6      | Noticed an Executioner
  5395 | D:6      | Found a radiant altar of Vehumet.
  5648 | D:6      | Noticed Menkaure
  5667 | D:6      | Killed Menkaure
  5897 | D:6      | Noticed Maggie
  5931 | D:6      | Reached skill level 11 in Long Blades
  5949 | D:6      | Found a glowing golden altar of the Shining One.
  6534 | D:6      | Killed Maggie
  6534 | D:6      | Reached XP level 9. HP: 61/67 MP: 9/9
  6769 | D:4      | Became a worshipper of Ashenzari the Shackled
  6880 | D:6      | Found a staircase to the Ecumenical Temple.
  6887 | Temple   | Entered the Ecumenical Temple
  7229 | D:7      | Noticed puimuR's ghost (novice DsBe)
  7231 | D:7      | Found a runed translucent gate.
  7231 | D:7      | Found a runed translucent gate.
  7231 | D:7      | Identified the +9 whip of Dividends {chaos, rF+ MP+9}
  7232 | D:7      | Found a runed translucent gate.
  7246 | D:7      | Found a white marble altar of Elyvilon.
  7250 | D:7      | Reached skill level 12 in Long Blades
  7343 | D:7      | Found a flagged portal.
  7367 | Bailey   | Entered a bailey
  7391 | Bailey   | Noticed an orc warlord
  7748 | Bailey   | HP: 2/67 [orc warrior/+0 war axe (11)]
  7749 | Bailey   | Mangled by an orc warrior

Illustrated notes

Levels and vault maps discovered:
D:1:      lightli_arrival_windingriver, layout_basic
D:2:      layout_basic, lemuel_round_altar, first_ration, minmay_goblin_outpost,
          uniq_terence
D:3:      layout_basic, dancing_weapons_uskayaw, lightli_temple_of_fire,
          gammafunk_ghost_arena, kennysheep_potato
D:4:      layout_basic, marbit_many_paths, kennysheep_nub, grunt_dithmenos_smoke
D:5:      layout_basic
D:6:      layout_basic, nicolae_overflow_crystal_walls, lemuel_round_altar,
          temple_statues, makhleb_altar_promises_db, uniq_maggie, uniq_menkaure
D:7:      layout_loops_ring, lemuel_crystal_altar,
          gammafunk_ghost_nasty_kobolds, enter_bailey_2, grunt_livestock,
          uniq_joseph
Temple:   minmay_temple_bridge_abc
Bailey:   bailey_axe_bossmonster_kennysheep, bailey

Skill      XL: |  1  2  3  4  5  6  7  8  9 |
---------------+----------------------------+-----
Long Blades    | 4 5 7 8 9 11 12 | 12.4
Fighting       | |  2.1
Throwing       | |  1.7
Dodging        | |  2.6

Action                   |  1- 3 |  4- 6 |  7- 9 || total
-------------------------+-------+-------+-------++-------
Melee: Long sword        |    86 |   165 |   292 ||   543
       Tailslap          |    12 |    20 |    36 ||    68
       Short sword       |       |     2 |       ||     2
Throw: Javelin           |       |     3 |     3 ||     6
       Throwing net      |       |       |     1 ||     1
Invok: Curse Item        |       |       |     1 ||     1
 Abil: Breathe Acid      |       |       |     3 ||     3
Evoke: Wand              |       |       |     3 ||     3
  Use: Scroll            |       |     5 |     8 ||    13
       Potion            |       |       |     3 ||     3
 Stab: Sleeping          |     1 |     7 |     1 ||     9
  Eat: Chunk             |     2 |     8 |     9 ||    19
       Ration            |       |       |     1 ||     1
Armor: Skin              |    31 |    48 |    86 ||   165
Dodge: Dodged            |    79 |   113 |   158 ||   350
       Rpst.: Long sword |    32 |    41 |    49 ||   122
